 Dungeon Crawl Stone Soup version 0.28.0-53-g5a82cb258f (webtiles) character file.

Game seed: 1476987812638617425

3029 KrombopulosMichael the Skirmisher (level 10, -4/77 (80) HPs)
             Began as a Formicid Cinder Acolyte on June 21, 2022.
             Was a High Priest of Ignis.
             Slain by a very large slime creature (51 damage)
             ... on level 8 of the Dungeon on June 22, 2022.
             The game lasted 00:22:53 (8582 turns).

KrombopulosMichael the Skirmisher (FoCA)            Turns: 8582, Time: 00:22:53

HP:   -4/77 (80)    AC: 18    Str: 19    XL:     10   Next: 10%
MP:   12/18         EV:  8    Int: 14    God:    Ignis [*****.]
Gold: 366           SH:  0    Dex: 10    Spells: 16/20 levels left

rFire   + + .      SeeInvis +   g - +3 dagger (distort)
rCold   . . .      Faith    .   (no shield)
rNeg    . . .      Spirit   .   h - +0 chain mail
rPois   .          Reflect  .   (helmet unavailable)
rElec   .          Harm     .   (no cloak)
rCorr   .          Rampage  .   s - +0 pair of gloves
Will    +....                   (no boots)
Stlth   ..........              (no amulet)
HPRegen 0.22/turn               f - ring of wizardry
MPRegen 0.16/turn               v - ring of protection from fire

@: confused, ambrosia-drunk, fiery-armoured, lightly drained
A: permanent stasis, dig shafts and tunnels, antennae 3, four strong arms, sense
surroundings 1, MP-powered wands
a: Dig, Shaft Self, Renounce Religion, Fiery Armour, Foxfire Swarm


You were on level 8 of the Dungeon.
You worshipped Ignis.
Ignis was extremely pleased with you.
You visited 1 branch of the dungeon, and saw 8 of its levels.

You collected 366 gold pieces.

Inventory:

Hand Weapons
 a - a -1 mace of flaming
 g - a +3 dagger of distortion (weapon)
Missiles
 o - a boomerang of dispersal
 u - 4 silver javelins (quivered)
Armour
 b - a +0 robe
 h - a +0 chain mail (worn)
 s - a +0 pair of gloves (worn)
Magical Staves
 e - a staff of earth
Jewellery
 f - a ring of wizardry (left hand)
 j - a +6 ring of intelligence
 k - a +4 ring of slaying
 v - a ring of protection from fire (right hand)
Wands
 d - a wand of flame (24)
 x - a wand of iceblast (6)
Scrolls
 l - a scroll of amnesia {unknown}
 m - 5 scrolls of identify
 q - a scroll of blinking {unknown}
 r - 4 scrolls of enchant armour {unknown}
 t - 3 scrolls of teleportation {unknown}
Potions
 i - 4 potions of curing
 p - 3 potions of attraction


   Skills:
 * Level 7.7 Fighting
 + Level 3.3 Short Blades
 - Level 3.3 Maces & Flails
 + Level 0.2 Throwing
 * Level 7.2 Armour
 + Level 1.4 Dodging
 + Level 0.4 Stealth
 + Level 5.8 Spellcasting
 + Level 0.3 Conjurations
 + Level 0.3 Necromancy
 + Level 6.8 Fire Magic


You had 16 spell levels left.
You knew the following spells:

 Your Spells              Type           Power      Damage    Failure   Level
a - Scorch                Fire           46%        2d7       6%          2
b - Animate Skeleton      Necr           10%        N/A       45%         1
c - Foxfire               Conj/Fire      56%        2x1d6     14%         1

Your spell library contained the following spells:

 Spells                   Type           Power      Damage    Failure   Level
 Pain                     Necr           20%        1d5       45%         1
 Summon Small Mammal      Summ           16%        N/A       50%         1
 Vampiric Draining        Necr           5%         2d6       80%         3
 Call Canine Familiar     Summ           4%         N/A       85%         3
 Portal Projectile        Hex/Tloc       8%         N/A       85%         3
 Summon Guardian Golem    Hex/Summ       4%         N/A       85%         3
 Silence                  Hex/Air        2%         N/A       100%        5
 Yara's Violent Unravell  Hex/Tmut       2%         3d3       100%        5


Dungeon Overview and Level Annotations

Branches:
Dungeon (8/15)             Temple (0/1) D:5
   Lair: D:8-11

Altars:
Elyvilon
Gozag
Wu Jian
Zin

Annotations:
D:3 2 runed translucent doors, Rsteiner's ghost, amateur DsFi


Innate Abilities, Weirdness & Mutations

You cannot be hasted, slowed, berserked, paralysed or teleported.
You can dig through walls and to a lower floor.
You have a pair of large antennae on your head. (SInv)
Your four strong arms can wield two-handed weapons with a shield.
You passively map a small area around you.
You expend magic power (3 MP) to strengthen your wands.


Message History

Two slime creatures merge to form a very large slime creature.
Aiming: Throw Flame
Press: ? - help, Shift-Dir - straight line, f - very large slime creature
Aim: a very large slime creature (heavily wounded, 93% to hit)
The puff of flame hits the very large slime creature.
The very large slime creature is heavily wounded.
Unknown command.
Unknown command.
You extend your mandibles.
You dig through the rock wall.
You feel drained.
You retract your mandibles.
A kobold brigand and a kobold come into view.
The kobold is wielding a +0 dagger and quivering poisoned darts.
The kobold brigand shouts!
The kobold shouts!
A kobold comes into view. It is wielding a +0 club.
The kobold brigand unwields a +0 short sword.
The kobold brigand wields a +0 hand crossbow.
The kobold brigand shoots a bolt.
The bolt barely misses you.
The kobold shouts!
The kobold brigand drinks a potion.
The kobold brigand suddenly seems more resistant.
The kobold brigand shoots a bolt.
The bolt hits you!
* * * LOW HITPOINT WARNING * * *
A protective cloak of flame settles atop you.
Unknown command.
Unknown command.
You feel much better.
The very large slime creature hits you but does no damage.
The very large slime creature is burned by your cloak of flames.
The very large slime creature is heavily wounded.
It was a potion of mutation.
You feel extremely strange.
You feel your magical essence link to the dungeon's wands.
You feel a strange attunement to the structure of the dungeons.
The very large slime creature completely misses you.
It was a potion of ambrosia.
You are confused.
You feel invigorated.
The very large slime creature hits you!!!
Ouch! That really hurt!
You die...

* * * , *
, * * *
### .K
#@# , ,
....###J#
K..{..KK#
,
.######.#
#.# , #.#
#.## *
#..## ,
#.#.#


You could see a very large slime creature and 2 kobolds.

Vanquished Creatures
  Eustachio (D:5)
  2 steam dragons
  A water moccasin (D:7)
  2 orc warriors
  A black bear (D:6)
  2 hornet zombies (D:8)
  2 necrophages
  An ogre (D:5)
  3 phantoms
  A kobold brigand (D:7)
  2 scorpions
  A water moccasin skeleton (D:5)
  6 killer bees
  A howler monkey (D:6)
  A gnoll shaman (D:5)
  2 orc priests
  3 hounds
  A jelly (D:6)
  2 bullfrog skeletons (D:7)
  An iguana (D:5)
  5 orc wizards
  11 adders
  6 gnolls
  2 white imps
  3 ufetubi
  A dart slug (D:2)
  17 orcs
  4 bats
  7 endoplasms
  5 giant cockroaches
  4 goblins
  3 hobgoblins
  3 jackals (D:2)
  3 quokkas
  5 ball pythons
  4 frilled lizards
  12 kobolds
  4 rats
135 creatures vanquished.

Vanquished Creatures (others)
  A bullfrog skeleton (D:6)
  A jelly (D:6)
  39 foxfires
41 creatures vanquished.

Grand Total: 176 creatures vanquished

Notes
Turn   | Place    | Note
-------+----------+-------------------------------------------
     0 | D:1      | KrombopulosMichael the Formicid Cinder Acolyte began the
                  | quest for the Orb.
     0 | D:1      | Reached XP level 1. HP: 18/18 MP: 2/2
   361 | D:1      | Reached XP level 2. HP: 23/24 MP: 3/3
   364 | D:1      | Learned a level 2 spell: Scorch
   439 | D:1      | Learned a level 1 spell: Animate Skeleton
   675 | D:1      | Reached XP level 3. HP: 10/29 MP: 2/4
  1285 | D:2      | Reached skill level 1 in Armour
  1476 | D:2      | Reached XP level 4. HP: 37/37 MP: 3/6
  1623 | D:2      | Found a white marble altar of Elyvilon.
  2334 | D:3      | Reached XP level 5. HP: 42/42 MP: 4/7
  2472 | D:3      | Noticed an eye of devastation
  2475 | D:3      | Found a faded altar of an unknown god.
  2553 | D:3      | Noticed a shining eye
  2571 | D:3      | Noticed an eye of devastation
  2721 | D:3      | Noticed an eye of devastation
  3147 | D:3      | Found a large runed translucent door.
  3147 | D:3      | Found a large runed translucent door.
  3215 | D:3      | Noticed Rsteiner's ghost (amateur DsFi)
  3473 | D:4      | Reached XP level 6. HP: 42/49 MP: 2/8
  3719 | D:4      | Found an ornate altar of the Wu Jian Council.
  3861 | D:4      | Got the Papyrus of the Bewitching Volcanoes
  3864 | D:4      | Learned a level 1 spell: Foxfire
  3986 | D:4      | Reached skill level 1 in Short Blades
  4169 | D:4      | Reached skill level 5 in Fighting
  4272 | D:5      | Entered Level 5 of the Dungeon
  4326 | D:5      | Found a staircase to the Ecumenical Temple.
  4414 | D:5      | Reached XP level 7. HP: 56/56 MP: 4/10
  4477 | D:5      | Noticed Eustachio
  4523 | D:5      | Killed Eustachio
  5019 | D:5      | Reached XP level 8. HP: 57/64 MP: 7/12
  5117 | D:5      | Reached skill level 5 in Armour
  5405 | D:5      | Reached skill level 1 in Dodging
  5405 | D:5      | Reached skill level 5 in Fire Magic
  6082 | D:6      | Reached XP level 9. HP: 56/71 MP: 1/15
  6737 | D:6      | Found a white marble altar of Elyvilon.
  7047 | D:7      | Reached skill level 5 in Spellcasting
  7779 | D:7      | Found a glowing silver altar of Zin.
  7780 | D:7      | Found an opulent altar of Gozag.
  8198 | D:8      | Reached XP level 10. HP: 61/80 MP: 11/18
  8581 | D:8      | Gained mutation: You expend magic power (3 MP) to
                  | strengthen your wands. [potion of mutation]
  8581 | D:8      | Gained mutation: You passively map a small area around you.
                  | [potion of mutation]
  8582 | D:8      | Slain by a very large slime creature

Illustrated notes

Levels and vault maps discovered:
D:1:      erik_arrival_blinker_ship, layout_rooms
D:2:      layout_basic, basic_altar
D:3:      layout_basic, hellmonk_ecumenical_altar_watching_god,
          ebering_ghost_disaster_area
D:4:      layout_rooms, nzn_wu_jian_contemplation, nrook_uturn, feat_on_display
D:5:      layout_basic, temple_pool_b, minmay_pentangle, uniq_eustachio
D:6:      layout_basic, nicolae_elyvilon_peaceful_grove
D:7:      layout_cave_pools, grunt_temple_overflow_gold_and_silver,
          serial_rivers, chequers_serial_rivers_room_b,
          chequers_serial_rivers_small_b, chequers_serial_rivers_large_b,
          chequers_serial_rivers_small_b, chequers_serial_rivers_micro_b
D:8:      layout_basic, mainiacjoe_overflow_cross_hatched

Skill      XL: |  1  2  3  4  5  6  7  8  9 10 |
---------------+-------------------------------+-----
Armour         | 1 2 3 4 6 7 |  7.2
Fighting       | 4 5 6 7 |  7.7
Short Blades   | 1 2 3 |  3.3
Spellcasting   | 2 3 4 5 |  5.8
Fire Magic     | 4 5 6 |  6.8
Dodging        | 1 |  1.4
Maces & Flails | |  3.3
Throwing       | |  0.2
Stealth        | |  0.4
Conjurations   | |  0.3
Necromancy     | |  0.3

Action                   |  1- 3 |  4- 6 |  7- 9 | 10-12 || total
-------------------------+-------+-------+-------+-------++-------
Melee: Mace              |    22 |       |       |       ||    22
       Punch             |     1 |       |     1 |       ||     2
       Dagger            |    43 |    89 |   187 |    10 ||   329
Throw: Javelin           |       |     2 |     3 |       ||     5
 Cast: Scorch            |     4 |    20 |    86 |    19 ||   129
       Animate Skeleton  |     2 |       |       |       ||     2
       Foxfire           |       |       |    17 |     5 ||    22
Invok: Fiery Armour      |     1 |       |     1 |     1 ||     3
       Rising Flame      |       |       |     1 |       ||     1
 Abil: Dig               |       |       |       |     1 ||     1
Evoke: Wand              |       |       |     1 |     3 ||     4
  Use: Scroll            |     2 |     3 |     1 |       ||     6
       Potion            |       |       |     8 |     4 ||    12
Armor: Robe              |     2 |       |       |       ||     2
       Chain mail        |    22 |    31 |   113 |    11 ||   177
       Skin              |       |       |    48 |       ||    48
Dodge: Dodged            |    29 |    25 |    63 |    10 ||   127
